 Dungeon Crawl Stone Soup version 0.28.0-43-g3370ac3207 (webtiles) character file.

Game seed: 13868684125228236423

84 sking99 the Grasshopper (level 4, -1/29 HPs)
             Began as an Octopode Wanderer on Mar 13, 2022.
             Slain by a phantom (9 damage)
             ... on level 3 of the Dungeon.
             The game lasted 00:03:47 (2917 turns).

sking99 the Grasshopper (Octopode Wanderer)         Turns: 2917, Time: 00:03:48

Health: -1/29      AC:  1    Str: 13    XL:     4   Next: 45%
Magic:  5/5        EV: 12    Int: 13    God:
Gold:   33         SH:  0    Dex: 12    Spells: 4/5 levels left

rFire   . . .      SeeInvis .   a - +2 hand axe
rCold   . . .      Faith    .   (no shield)
rNeg    . . .      Spirit   .   (helmet restricted)
rPois   .          Reflect  .   (no amulet)
rElec   .          Harm     .   (no ring)
rCorr   .          Rampage  .   (no ring)
Will    .....                   (no ring)
Stlth   ++........              (no ring)
HPRegen 0.09/turn               (no ring)
MPRegen 0.09/turn               (no ring)
                                (no ring)
                                (no ring)

@: no status effects
A: almost no armour, amphibious, 8 rings, camouflage 1, gelatinous body 1,
(nimble swimmer 1), tentacles
a: no special abilities


You were on level 3 of the Dungeon.
You visited 1 branch of the dungeon, and saw 4 of its levels.

You collected 33 gold pieces.

Inventory:

Hand Weapons
 a - a +2 hand axe (weapon)
 c - a +0 dagger
Missiles
 b - 7 poisoned darts (quivered)
 i - 2 throwing nets
Scrolls
 d - 3 scrolls of teleportation {unknown}
 e - 4 scrolls of identify {unknown}
 f - 2 scrolls of vulnerability {unknown}
 h - a scroll of fog {unknown}
Potions
 g - a potion of curing {unknown}
 j - 2 potions of might {unknown}


   Skills:
 + Level 2.1 Fighting
 * Level 3.5 Axes
 + Level 2.8 Throwing
 - Level 1.0 Spellcasting
 - Level 4.0 Translocations


You had 4 spell levels left.
You knew the following spells:

 Your Spells              Type           Power      Damage    Failure   Level
a - Apportation           Tloc           22%        N/A       5%          1

Your spell library contained the following spells:

 Spells                   Type           Power      Damage    Failure   Level
 Gell's Gravitas          Tloc           11%        N/A       16%         3
 Slow                     Hex            0%         N/A       28%         1
 Passage of Golubria      Tloc           11%        N/A       47%         4
 Confusing Touch          Hex            0%         N/A       63%         3
 Vampiric Draining        Necr           0%         2d6       63%         3
 Silence                  Hex/Air        0%         N/A       100%        5
 Lehudib's Crystal Spear  Conj/Erth      0%         10d2      100%        8


Dungeon Overview and Level Annotations

Branches:
Dungeon (4/15)
 Temple: D:4-7

Altars:


Innate Abilities, Weirdness & Mutations

You cannot wear most types of armour.
You are amphibious.
You can wear up to eight rings at the same time.
Your skin changes colour to match your surroundings (Stealth+).
Your rubbery body absorbs attacks. (AC +1, EV +1)
((You are camouflaged when in or above water. (Stealth+)))
You have tentacles for arms and can constrict up to eight enemies at once.


Message History

The phantom is lightly damaged.
The phantom barely misses you.
You slash the phantom! You squeeze the phantom.
The phantom is severely damaged.
The phantom closely misses you.
You hit the phantom.
The phantom is severely damaged.
You slash the frilled lizard!
You kill the frilled lizard!
The phantom hits you but does no damage.
You barely miss the phantom.
The phantom is severely damaged.
The phantom hits you.
The phantom blinks!
You blink.
The phantom hits you.
The phantom blinks!
You blink.
You closely miss the phantom. You squeeze the phantom.
The phantom is almost destroyed.
The phantom barely misses you.
You closely miss the phantom.
The phantom is almost destroyed.
You hit the frilled lizard.
You kill the frilled lizard!
The phantom closely misses you.
You closely miss the phantom.
The phantom is almost destroyed.
The phantom hits you.
The phantom blinks!
You blink.
You hit the phantom.
The phantom is almost destroyed.
The phantom hits you.
The phantom blinks!
You blink.
You miss the phantom.
The phantom is almost destroyed.
The phantom completely misses you.
You closely miss the phantom.
The phantom is almost destroyed.
The phantom hits you!
* * * LOW HITPOINT WARNING * * *
The phantom blinks!
You blink.
You hit the phantom. Your squeeze misses the phantom.
The phantom is almost destroyed.
The phantom hits you!
You die...

### ..# #.# #.#
#.# ###.####
#.§W...#
#§#@##.# ..
#.#.#
......####.#.#
.......†..#.#
.#.####>.#.##.#
...###.......#
#..#...§..####
#.. .#.####
#..#.#.#


You could see a phantom.

Vanquished Creatures
  3 adders (D:2)
  A worm (D:3)
  2 dart slugs
  2 endoplasms
  A giant cockroach (D:1)
  5 goblins
  6 hobgoblins
  5 kobolds
  3 quokkas
  5 ball pythons
  4 bats
  7 frilled lizards
  6 rats
50 creatures vanquished.

Notes
Turn   | Place    | Note
-------+----------+-------------------------------------------
     0 | D:1      | sking99 the Octopode Wanderer began the quest for the Orb.
     0 | D:1      | sking99 set off with the following items: a +2 hand axe, 7
                  | poisoned darts, a +0 dagger; and the following spell
                  | memorised: Apportation; and the following spells available
                  | to memorise: Gell's Gravitas
     0 | D:1      | Reached XP level 1. HP: 13/13 MP: 2/2
   276 | D:1      | Reached XP level 2. HP: 18/18 MP: 3/3
   649 | D:1      | Found a faded altar of an unknown god.
  1169 | D:1      | Reached XP level 3. HP: 23/23 MP: 4/4
  1925 | D:2      | Reached XP level 4. HP: 17/29 MP: 5/5
  2893 | D:4      | Noticed a phantom
  2904 | D:4      | Noticed a phantom
  2917 | D:3      | Slain by a phantom

Illustrated notes

Levels and vault maps discovered:
D:1:      psy_arrival_heroes, layout_basic,
          shapermc_ecumenical_altar_starsandcircs, minmay_tromino_i2
D:2:      minmay_angry_zag, layout_loops_ring
D:3:      kennysheep_big_flooded_room, layout_loops_cross
D:4:      layout_loops_ring, hellmonk_ghost_happy_afterlife,
          hangedman_decor_push, minivault_27, kennysheep_boxes

Skill      XL: |  1  2  3  4 |
---------------+-------------+-----
Axes           | 3 |  3.5
Fighting       | 2 |  2.1
Throwing       | |  2.8
Spellcasting   | |  1.0
Translocations | |  4.0

Action                   |  1- 3 |  4- 6 || total
-------------------------+-------+-------++-------
Melee: Hand axe          |    59 |    33 ||    92
       Constrict         |    12 |     3 ||    15
       Tentacles         |    10 |     4 ||    14
       Punch             |     1 |       ||     1
 Stab: Sleeping          |     6 |     5 ||    11
Armor: Skin              |     5 |     1 ||     6
Dodge: Dodged            |    32 |    15 ||    47
